Tangles, chaotic female sylph Rogue ---- ..| -.----- |...|.--- --.......| |........| --.......G--------- --- | |............f.....................| |............--------- --- -- --....---h.G.--- |...|.| --E[...| --.-|.| --.....| -- |.| |.....-- --.| |>....| |.)| ---.--- |.<| --- ---- Tangles the Cutpurse Experience level: 4 Strength: 16 Dexterity: 20 Constitution: 11 Intelligence: 13 Wisdom: 8 Charisma: 7 Health: 0(32) Energy: 16(16) Def: 0 Gold: 454 Moves: 1595 Dungeon seed: SvtJzmrwmftO-NKb Game ID: Tangles_1467801160 Your Inventory: Coins $ - 454 gold pieces Amulets z - a blessed amulet of unchanging (being worn) Weapons a - a +0 short sword (weapon in hand) b - 12 +0 daggers (in quiver) t - a +0 dagger Armor e - an uncursed +1 leather armor N - an uncursed +0 dwarvish cloak (being worn) Comestibles x - an uncursed partly eaten food ration B - 2 uncursed eucalyptus leaves Q - an uncursed pear Scrolls A - an uncursed scroll of scare monster E - an uncursed scroll of remove curse H - an uncursed scroll of scare monster I - an uncursed scroll of confuse monster Potions m - 2 uncursed potions of see invisible C - an uncursed potion of hallucination Rings D - a blessed +1 ring of adornment Wands h - a wand of opening (0:3) M - a wand of striking (0:6) Tools l - an uncursed lock pick n - an uncursed blindfold o - a blessed magic lamp F - an uncursed sack G - an uncursed wooden harp J - 5 uncursed tallow candles (0:200) R - an uncursed wax candle (0:400) Gems g - 3 uncursed worthless pieces of blue glass q - an uncursed opal r - 2 uncursed worthless pieces of yellowish brown glass y - an uncursed worthless piece of yellow glass Contents of the sack: a cursed scroll of light an uncursed scroll of scare monster an uncursed potion of gain energy an uncursed potion of healing an uncursed potion of sickness Spells and supernatural/magical abilities: Name Level Category Fail Memory W - pray for help -- divine ? -- Your skills at the end: Miscellaneous Skills wands [Basic] Weapon Skills dagger [Basic] short sword [Basic] Spellcasting Skills healing spells [Basic] Final Attributes: You were piously aligned. You saw invisible. You were stealthy. You were protected from shape changers. You could not change from your current form. You are dead. Vanquished creatures: a gnomish wizard a dwarf an iguana a hobbit a gecko 2 giant rats a yellow mold 2 red molds 5 gnomes 2 garter snakes 5 jackals a fox 2 kobolds 4 newts a sewer rat 6 grid bugs a lichen 37 creatures vanquished. Voluntary challenges: You followed a strict vegan diet. You used a wielded weapon 30 times, starting on turn 24. You did not apply a unicorn horn. You were illiterate. You never genocided any monsters. You never polymorphed an object. You never changed form. You used no wishes. You never split a pudding. You never wrote Elbereth's name. You never violated your personal moral code. Dungeon overview: The Dungeons of Doom: levels 1 to 5 Level 1 a long staircase Level 2 some fountains Level 3 a potion shop, some fountains Level 4 stairs to The Gnomish Mines Level 5 The Gnomish Mines: Level 5 <- You were here stairs to The Dungeons of Doom History has recorded: On T:1 you entered the Dungeons of Doom to retrieve the Amulet of Yendor! On T:339 you reached level 2 of The Dungeons of Doom. On T:577 you reached level 3 of The Dungeons of Doom. On T:890 you advanced to experience level 2. On T:1177 you reached level 4 of The Dungeons of Doom. On T:1213 you reached level 1 of The Gnomish Mines. On T:1289 you advanced to experience level 3. On T:1371 you reached level 5 of The Dungeons of Doom. On T:1566 you advanced to experience level 4. Score breakdown: Gold: 454 ( 45 points) Experience: 4 levels ( 300 points) Exploration: 5 levels ( 120 points) Discoveries: 2 items ( 100 points) Variety of kills: 17 monsters ( 850 points) Major goal: (nothing yet) ( 0 points) Survival: died (score multiplied by 3) Total score: 4245 Latest messages: The 1st dagger hits the gnome. The 2nd dagger hits something! You kill the gnome! There are a few objects here. b - 2 +0 daggers (in quiver). Q - a pear. The hobbit wields a dagger! You kill the gnome! You see here a candle. R - a candle. The gnome lord hurls an emerald potion! The carafe crashes on your head and breaks into shards. You feel rather tired. Something stabs you! (2x) Something punches you! Something stabs you! Something punches you! You wake up. The hobbit thrusts her dagger. The hobbit stabs you! The gnome lord punches you! You die... Final status: Goodbye Tangles the Rogue, killed by a gnome lord... You died in The Gnomish Mines on dungeon level 5 with 4245 points, and 454 pieces of gold, after 1595 moves. You were level 4 with a maximum of 32 hit points when you died.